 Dungeon Crawl Stone Soup version 0.22-a0-162-g33bf127 (webtiles) character file.

91 mhoghedin the Charmwright (level 4, 0/38 HPs)
             Began as a Gnoll Skald on Feb 12, 2018.
             Was a Believer of Uskayaw.
             Slain by an orc (3 damage)
             ... on level 4 of the Dungeon.
             The game lasted 00:03:17 (2127 turns).

mhoghedin the Charmwright (Gnoll Skald)             Turns: 2127, Time: 00:03:18

Health: 0/38       AC:  3    Str: 13    XL:     4   Next: 57%
Magic:  1/11       EV: 14    Int: 17    God:    Uskayaw [**....]
Gold:   85         SH:  0    Dex: 14    Spells: 2/13 levels left

rFire    . . .     SeeInvis .   a - +0 mace
rCold    . . .     Gourm    .   (no shield)
rNeg     . . .     Faith    .   b - +0 leather armour
rPois    +         Spirit   .   (no helmet)
rElec    .         Reflect  .   (no cloak)
rCorr    .         Harm     .   (no gloves)
MR       .....                  (no boots)
Stlth    ..........             (no amulet)
HPRegen  0.12/turn              o - ring of poison resistance {rPois, !d}
MPRegen  0.12/turn              n - ring of loudness (curse) {Stlth-}

@: no status effects
A: distributed training, fangs 1, strong nose
a: Stomp, Line Pass, Renounce Religion


You were on level 4 of the Dungeon.
You worshipped Uskayaw.
Uskayaw was noncommittal.
You were hungry.

You visited 1 branch of the dungeon, and saw 4 of its levels.

You collected 85 gold pieces.

Inventory:

Hand Weapons
 a - a +0 mace (weapon)
Armour
 b - a +0 leather armour (worn)
 i - a +0 pair of boots
   (You found it on level 1 of the Dungeon)
Jewellery
 k - an uncursed ring of fire {rF+, rC-}
   (You found it on level 1 of the Dungeon)
 n - a cursed ring of loudness (right hand) {Stlth-}
   (You found it on level 1 of the Dungeon)
 o - a ring of poison resistance (left hand) {rPois, !d}
   (You found it on level 1 of the Dungeon)
Scrolls
 f - 2 scrolls of teleportation {unknown}
 g - a scroll of noise {unknown}
 j - a scroll of fog
 q - 5 scrolls of identify
Potions
 e - 3 potions of curing
 h - a potion of cancellation {unknown}
 l - 2 potions of might
 m - a potion of mutation {!q}
 p - a potion of flight {unknown}
Books
 c - a book of Battle
Comestibles
 d - 5 rations


   Skills:
 + Level 4.6 Fighting
 + Level 1.1 Short Blades
 + Level 1.1 Long Blades
 + Level 1.1 Axes
 + Level 4.6 Maces & Flails
 + Level 1.1 Polearms
 + Level 1.1 Staves
 + Level 1.1 Slings
 + Level 1.1 Bows
 + Level 1.1 Crossbows
 + Level 1.1 Throwing
 + Level 2.7 Armour
 + Level 4.6 Dodging
 + Level 1.1 Stealth
 + Level 1.1 Shields
 + Level 1.1 Unarmed Combat
 + Level 5.1 Spellcasting
 + Level 0.9 Conjurations
 + Level 0.9 Hexes
 + Level 5.4 Charms
 + Level 0.9 Summonings
 + Level 0.9 Necromancy
 + Level 0.9 Translocations
 + Level 0.9 Transmutations
 + Level 0.9 Fire Magic
 + Level 0.9 Ice Magic
 + Level 0.9 Air Magic
 + Level 0.9 Earth Magic
 + Level 0.9 Poison Magic
 + Level 1.2 Invocations
 + Level 1.1 Evocations


You had 2 spell levels left.
You knew the following spells:

 Your Spells              Type           Power        Failure   Level  Hunger
a - Infusion              Chrm           ###.         1%          1    None
r - Regeneration          Chrm/Necr      ###.......   14%         3    ###....
s - Shroud of Golubria    Chrm/Tloc      ###.......   7%          2    #......
z - Spectral Weapon       Hex/Chrm       ###.....     14%         3    ###....
S - Song of Slaying       Chrm           ###.....     2%          2    #......


Dungeon Overview and Level Annotations

Branches:
Dungeon (4/15)
 Temple: D:4-7

Altars:
Uskayaw


Innate Abilities, Weirdness & Mutations

Your experience applies equally to all skills.
You have very sharp teeth.
Your uncanny sense of smell can sniff out nearby items.


Message History

Your spectral weapon fades away.
You see here a club.
You are feeling very hungry.
You regained 3 hp, and now have 29/38 hp.
MP restored: 11 You see here a club.
You butcher the goblin corpse.
r - a chunk of flesh {@w0} You see here a club. x2
Eating a chunk of flesh {@w0}.
You eat the chunk of flesh {@w0}.
Done exploring.
(D) Dungeon
Where to? (Enter - D:3, ? - help)
You see here a club.
You see here a dagger.
There is a stone staircase leading down here.
You climb downwards.
An orc comes into view. It is wielding a hand axe.
The orc shouts!
You hear a shout! x6
Found an embroidered robe.
Found a stone staircase leading down.
There is a stone staircase leading up here.
You regained 4 hp, and now have 34/38 hp.
You draw out your weapon's spirit!
The orc moves out of view.
You now have 8/11 mp.
Okay, then.
Unknown command.
Your skin crawls.
You now have 5/11 mp.
Okay, then.
Unknown command.
Space distorts slightly along a thin shroud covering your body.
An orc comes into view. It is wielding a club.
You now have 3/11 mp. 3 orcs come into view.
An orc is wielding a whip of distortion.
The orc shouts! x3
The orc moves out of view. x2
A rat comes into view.
An orc comes into view. It is wielding a short sword.
Your skin is crawling a little less now.
The orc shouts!
The orc throws a tomahawk.
The tomahawk hits you but does no damage.
The orc hits you but does no damage. The orc misses your spectral weapon.
An orc comes into view. It is wielding a dagger.
You see here a tomahawk.
Health restored: 38 You hit the orc.
You bite the orc.
Your spectral weapon barely misses the orc.
The orc throws a tomahawk.
The tomahawk closely misses you. The orc barely misses you.
The orc barely misses your spectral weapon.
The orc throws a tomahawk.
The tomahawk barely misses you. 2 orcs come into view.
The orc shouts!
You hit the orc.
You kill the orc!
Your shroud bends the orc's attack away.
The orc hits you with a whip of distortion.
Space bends around you. The orc hits you with a club.
You take 14 damage, and have 24/38 hp.
MASSIVE DAMAGE!!
Your shroud bends the orc's attack away. x2
There is a stone staircase leading down here.
The orc closely misses your spectral weapon.
The orc barely misses you.
Your shroud bends the orc's attack away.
The orc closely misses you.
You climb downwards.
Your summoned ally is left behind.
Your spectral weapon fades away.
There is a stone staircase leading up here.
You regained 2 hp, and now have 27/38 hp.
You stomp with the beat, sending a shockwave through the revelers around you!
You are feeling hungry.
You can no longer stomp with the beat.
Your skin stops crawling.
The orc hits you but does no damage. The orc closely misses you.
You can now stomp with the beat.
You now have 1/11 mp.
You don't have enough magic at the moment.
You closely miss the orc.
The orc hits you with a whip of distortion.
Your shroud falls apart!
Space warps horribly around you!
* * * LOW HITPOINT WARNING * * *
The orc misses you.
You take 21 damage, and have 6/38 hp.
MASSIVE DAMAGE!!
You hit the orc.
You kill the orc!
The orc misses you.
You hit the orc. The orc hits you.
* * * LOW HITPOINT WARNING * * *
The orc misses you.
You can now pass through a line of other dancers.
You take 4 damage, and have 2/38 hp.
You don't have enough magic at the moment.
You barely miss the orc. The orc hits you.
You die...

#.#
#.#
#.#
#.#
#.#
#.#
#o#
#@#
#o#
#.#
...
∆
#.#
...
...
#.#


You could see 2 orcs.

Vanquished Creatures
  2 adders (D:2)
  2 worms (D:2)
  A leopard gecko (D:1)
  2 orcs
  5 bats
  3 giant cockroaches
  11 hobgoblins
  13 jackals
  7 frilled lizards
  5 goblins
  5 kobolds
  4 rats
60 creatures vanquished.

Notes
Turn   | Place    | Note
-------+----------+-------------------------------------------
     0 | D:1      | mhoghedin the Gnoll Skald began the quest for the Orb.
     0 | D:1      | Reached XP level 1. HP: 20/20 MP: 6/6
   145 | D:1      | Reached XP level 2. HP: 23/26 MP: 1/7
   427 | D:1      | Reached XP level 3. HP: 31/31 MP: 9/9
   441 | D:1      | Reached skill level 5 in Spellcasting
   492 | D:1      | Learned a level 2 spell: Song of Slaying
   495 | D:1      | Learned a level 2 spell: Shroud of Golubria
   499 | D:1      | Learned a level 3 spell: Regeneration
   503 | D:1      | Learned a level 3 spell: Spectral Weapon
  1032 | D:2      | Noticed a dagger
  1032 | D:2      | Noticed a dagger
  1034 | D:2      | Found a hide-covered altar of Uskayaw.
  1068 | D:2      | Reached skill level 1 in Invocations
  1281 | D:2      | Became a worshipper of Uskayaw the Reveler
  1451 | D:2      | Reached skill level 1 in Short Blades
  1451 | D:2      | Reached skill level 1 in Long Blades
  1451 | D:2      | Reached skill level 1 in Axes
  1451 | D:2      | Reached skill level 1 in Polearms
  1451 | D:2      | Reached skill level 1 in Staves
  1451 | D:2      | Reached skill level 1 in Slings
  1451 | D:2      | Reached skill level 1 in Bows
  1451 | D:2      | Reached skill level 1 in Crossbows
  1451 | D:2      | Reached skill level 1 in Throwing
  1451 | D:2      | Reached skill level 1 in Stealth
  1451 | D:2      | Reached skill level 1 in Shields
  1451 | D:2      | Reached skill level 1 in Unarmed Combat
  1451 | D:2      | Reached skill level 1 in Evocations
  1451 | D:2      | Reached * piety under Uskayaw
  1487 | D:2      | Reached XP level 4. HP: 26/38 MP: 11/11
  1487 | D:2      | Reached ** piety under Uskayaw
  2124 | D:4      | HP: 6/38 [orc/whip of distortion (18)]
  2126 | D:4      | HP: 2/38 [orc (4)]
  2127 | D:4      | Slain by an orc

Vault maps used:
D:1:      dpeg_arrival_rhombi, minmay_pentomino_q4
D:2:      dancing_weapons_uskayaw, minmay_stone_trees_large
D:4:      grunt_temple_overflow_lords_of_destruction,
          chequers_temple_overflow_statue_of_worship, grunt_ministairs_14

Skill      XL: |  1  2  3 |
---------------+----------+-----
Spellcasting   | 5 |  5.1
Invocations    | 1 |  1.2
Short Blades   | 1 |  1.1
Long Blades    | 1 |  1.1
Axes           | 1 |  1.1
Polearms       | 1 |  1.1
Staves         | 1 |  1.1
Slings         | 1 |  1.1
Bows           | 1 |  1.1
Crossbows      | 1 |  1.1
Throwing       | 1 |  1.1
Stealth        | 1 |  1.1
Shields        | 1 |  1.1
Unarmed Combat | 1 |  1.1
Evocations     | 1 |  1.1
Fighting       | |  4.6
Maces & Flails | |  4.6
Armour         | |  2.7
Dodging        | |  4.6
Conjurations   | |  0.9
Hexes          | |  0.9
Charms         | |  5.4
Summonings     | |  0.9
Necromancy     | |  0.9
Translocations | |  0.9
Transmutations | |  0.9
Fire Magic     | |  0.9
Ice Magic      | |  0.9
Air Magic      | |  0.9
Earth Magic    | |  0.9
Poison Magic   | |  0.9

Action                   |  1- 3 |  4- 6 || total
-------------------------+-------+-------++-------
Melee: Mace              |   121 |    55 ||   176
       Bite              |     9 |     7 ||    16
       Punch             |       |     1 ||     1
 Cast: Infusion          |     5 |       ||     5
       Spectral Weapon   |     1 |     2 ||     3
       Regeneration      |       |     1 ||     1
       Shroud of Golubri |       |     1 ||     1
Invok: Stomp             |       |     1 ||     1
  Use: Scroll            |     4 |       ||     4
       Potion            |     1 |       ||     1
  Eat: Chunk             |     1 |     3 ||     4
Armor: Leather armour    |    29 |     7 ||    36
Dodge: Dodged            |    95 |    53 ||   148

Table legend:
 A = Spawn XP
 B = Non-spawn XP
 C = Spawn XP percentage of total XP
 D = Spawn monster count
 E = Non-spawn monster count
 F = Spawn count percentage of total count
 G = Total turns spent on level
                    A         B        C        D         E        F      G
               +---------+---------+-------+---------+---------+-------+---------
         Total |       0 |     130 |   0.0 |       0 |      60 |   0.0 |  2127
               +---------+---------+-------+---------+---------+-------+---------
           D:1 |       0 |      54 |   0.0 |       0 |      31 |   0.0 |  1026
           D:2 |       0 |      70 |   0.0 |       0 |      27 |   0.0 |  1086
           D:3 |       0 |       3 |   0.0 |       0 |       1 |   0.0 |    10
           D:4 |       0 |       3 |   0.0 |       0 |       1 |   0.0 |     5
               +---------+---------+-------+---------+---------+-------+---------

Vault maps used:
D:1:      dpeg_arrival_rhombi, minmay_pentomino_q4
D:2:      dancing_weapons_uskayaw, minmay_stone_trees_large
D:4:      grunt_temple_overflow_lords_of_destruction,
          chequers_temple_overflow_statue_of_worship, grunt_ministairs_14

Table legend:
 A = Turns spent in this place as a percentage of turns spent in the entire game.
 B = Non-inter-level travel turns spent in this place as a percentage of non-inter-level travel turns spent in the entire game.
 C = Inter-level travel turns spent in this place as a percentage of turns spent in this place.
 D = Turns resting spent in this place as a percentage of non-inter-level travel turns spent in this place.
 E = Turns spent auto-exploring this place as a percentage of non-inter-level travel turns spent in this place.
 F = Non-inter-level travel turns spent in this place divided by the number of levels of this place that you've seen.
                   A       B       C       D       E      F
               +-------+-------+-------+-------+-------+----------------------
         Total | 100.0 | 100.0 |   5.0 |  18.9 |  62.4 | 505.2
       Dungeon | 100.0 | 100.0 |   5.0 |  18.9 |  62.4 | 505.2
               +-------+-------+-------+-------+-------+----------------------

Table legend:
 A = Kills in this place as a percentage of kills in entire the game.
 B = Kills by you in this place as a percentage of kills by you in the entire game.
 C = Kills by friends in this place as a percentage of kills by friends in the entire game.
 D = Other kills in this place as a percentage of other kills in the entire game.
 E = Experience gained in this place as a percentage of experience gained in the entire game.
 F = Experience gained in this place divided by the number of levels of this place that you have seen.
                   A       B       C       D       E      F
               +-------+-------+-------+-------+-------+----------------------
         Total | 100.0 | 100.0 |   N/A |   N/A | 100.0 |  32.5
       Dungeon | 100.0 | 100.0 |   N/A |   N/A | 100.0 |  32.5
               +-------+-------+-------+-------+-------+----------------------
